 Dungeon Sprint DCSS version 0.22.1-1-ga44c0e56f4 (webtiles) character file.

5766 MuseOD the Unseen (level 10, -8/51 HPs)
             Began as a Spriggan Enchanter on Sept 23, 2018.
             Was a Believer of Dithmenos.
             Mangled by a flying skull (12 damage)
             ... in the Dungeon (Sprint II: "The Violet Keep of Menkaure").
             The game lasted 00:04:50 (847 turns).

MuseOD the Unseen (Spriggan Enchanter)               Turns: 847, Time: 00:04:50

Health: -8/51      AC:  2    Str:  4 (6)  XL:     10   Next: 49%
Magic:  22/29      EV: 20    Int: 17 (19) God:    Dithmenos [**....]
Gold:   10         SH:  0    Dex: 16 (18) Spells: 18/38 levels left

rFire    . . .     SeeInvis +   a - +1 dagger
rCold    . . .     Gourm    .   (shield restricted)
rNeg     . . .     Faith    .   b - +0 robe
rPois    .         Spirit   .   (helmet restricted)
rElec    .         Reflect  .   (no cloak)
rCorr    .         Harm     .   (gloves unavailable)
MR       +....     NoTele   +   (boots unavailable)
Stlth    +++++++++.             (no amulet)
HPRegen  0.17/turn              (no ring)
MPRegen  0.21/turn              (no ring)

@: very slightly contaminated, wreathed by umbra, very quick
A: very small, unfitting armour, repulsion field 1, see invisible, herbivore,
speed 3, screaming 1, slow metabolism 2, strong 1
a: Shadow Step, Renounce Religion


You were in the Dungeon.
You worshipped Dithmenos.
Dithmenos was pleased with you.
You were not hungry.

You visited 1 branch You collected 1053 gold pieces.
You spent 1043 gold pieces at shops.

Inventory:

Hand Weapons
 a - a +1 dagger (weapon)
Armour
 b - a +0 robe (worn)
Jewellery
 c - an uncursed ring of see invisible
Scrolls
 j - a scroll of blinking
Potions
 g - a potion of curing
 h - a potion of magic
Comestibles
 d - a ration


   Skills:
 - Level 5.4 Fighting
 - Level 10.3 Short Blades
 - Level 3.0 Dodging
 + Level 20.1 Stealth
 + Level 14.5 Spellcasting
 + Level 14.7 Hexes


You had 18 spell levels left.
You knew the following spells:

 Your Spells              Type           Power        Failure   Level  Hunger
a - Corona                Hex            ######.      0%          1    None
b - Ensorcelled Hibernat  Hex/Ice        #####.       1%          2    None
c - Confuse               Hex            ######..     1%          3    None
d - Dazzling Spray        Conj/Hex       #####.       1%          3    None
e - Tukima's Dance        Hex            ######..     1%          3    None
f - Invisibility          Hex            ######..     1%          6    ######.
g - Passwall              Tmut/Erth      ##......     9%          2    None

Your spell library contained the following spells:

 Spells                   Type           Power        Failure   Level  Hunger
 Darkness                 Hex            ######....   1%          6    ######.
 Swiftness                Chrm/Air       ##......     9%          2    None
 Passage of Golubria      Tloc           N/A          47%         4    #......
 Lee's Rapid Deconstruct  Erth           ##........   83%         5    ####...


Dungeon Overview and Level Annotations

Branches:
Dungeon (1/1)

Altars:
Cheibriados
Dithmenos
Elyvilon
Fedhas
Gozag
Hepliaklqana
Kikubaaqudgha
Makhleb
Nemelex Xobeh
Okawaru
Qazlal
Ru
Sif Muna
Trog
Uskayaw
Vehumet
Wu Jian
Xom
Yredelemnul
Zin
The Shining One
Beogh
Jiyva
Lugonu

Shops:
D :}:!:!([!*?=%[:=

Annotations:
D exclusion: oklob plant


Innate Abilities, Weirdness & Mutations

You are very small and have problems with some larger weapons.
You are too small for most types of armour.
You have supernaturally acute eyesight. (SInv)
You are a herbivore.
You cover ground extremely quickly.
You need to consume almost no food.
You are surrounded by a mild repulsion field. (EV +2)
You occasionally shout uncontrollably at your foes.
Your muscles are strong. (Str +2)


Message History

Aiming: Confuse (safe; 1% risk of failure)
Press: ? - help, Shift-Dir - straight line, f/p - flying skull
Aim: a flying skull (umbra, chance to defeat MR: 78%)
The flying skull appears confused.
The flying skull hits you but does no damage.
The flying skull hits you!
* * * LOW HITPOINT WARNING * * *
Casting: Confuse (safe; 1% risk of failure)
Confirm with . or Enter, or press ? or * to list all spells.
You don't have enough magic to cast that spell.
Unknown command.
It was a potion of degeneration.
There was something very wrong with that liquid.
You feel weakened.
You feel dopey.
You feel clumsy. The flying skull misses you.
The flying skull barely misses you. The flying skull closely misses you. x2
Magic courses through your body. The flying skull hits you.
* * * LOW HITPOINT WARNING * * *
The flying skull hits you!
You die...

############≈)#''§#+++##
###########≈≈≈§§.......#
##.....∩.∩#≈≈≈§§##+##..#
##....∩.∩.#≈≈≈≈##.#.##.###
##...∩.∩..#≈≈≈≈#..#..#....
##..∩.∩.z.#≈≈####.#.####..
##.⌠.∩....#≈##.###+###.##.
##..∩.∩..z#z#.).##.##...#.
##...∩.∩.@zz'.#.'.<.'.##+.
##....∩.∩z#z#...##.####.#.
#▓▓▓▓▓▓▓###z##.###'###w##§
##[Hh######zz####.#.####≈≈
#(HH#Y ##z≈≈#..#..#≈§§§
#∩P(+$ #'#≈##c..##≈≈≈§
#?.. " #.#≈≈##'##≈≈≈≈§
#).$ ## ####§§≈§≈≈≈≈≈≈≈
#''z#§++#≈≈≈


You could see an oklob plant, 3 manticores, a polar bear and 11 flying skulls.

Vanquished Creatures
  Kirke (D)
  A skeletal warrior (D)
  2 shining eyes (D)
  An elephant (D)
  A merfolk siren (D)
  A kobold demonologist (D)
  A yaktaur (D)
  3 polar bears (D)
  A hornet (D)
  2 tyrant leeches (D)
  A blink frog (D)
  2 swamp drakes (D)
  4 necrophages (D)
  A crocodile (D)
  2 worms (D)
24 creatures vanquished.

Vanquished Creatures (others)
  A yaktaur captain (D)
  A centaur warrior (D)
  Menkaure (D)
  A crocodile (D)
4 creatures vanquished.

Grand Total: 28 creatures vanquished

Notes
Turn   | Place    | Note
-------+----------+-------------------------------------------
     0 | D        | MuseOD the Spriggan Enchanter began the quest for the Orb.
     0 | D        | Reached XP level 1. HP: 9/9 MP: 5/5
     4 | D        | Noticed a tyrant leech
     4 | D        | Noticed a tyrant leech
     7 | D        | Noticed a merfolk siren
    10 | D        | Noticed a necrophage
    10 | D        | Noticed a necrophage
    10 | D        | Noticed a necrophage
    10 | D        | Noticed a necrophage
    17 | D        | Killed a necrophage
    17 | D        | Reached skill level 8 in Stealth
    17 | D        | Reached XP level 2. HP: 11/15 MP: 6/6
    17 | D        | Reached XP level 3. HP: 14/19 MP: 8/8
    17 | D        | Reached XP level 4. HP: 18/23 MP: 9/9
    24 | D        | Killed a necrophage
    24 | D        | Reached skill level 9 in Stealth
    24 | D        | Reached XP level 5. HP: 13/27 MP: 10/10
    28 | D        | Killed a necrophage
    28 | D        | Reached skill level 10 in Stealth
    34 | D        | Killed Menkaure
    44 | D        | Killed a crocodile
    66 | D        | Killed a necrophage
    66 | D        | Reached skill level 5 in Fighting
    66 | D        | Reached skill level 10 in Short Blades
    66 | D        | Reached skill level 11 in Stealth
    66 | D        | Reached XP level 6. HP: 6/35 MP: 11/11
    70 | D        | Learned a level 2 spell: Ensorcelled Hibernation
    74 | D        | Learned a level 3 spell: Confuse
    78 | D        | Learned a level 3 spell: Dazzling Spray
   333 | D        | Noticed a flying skull
   333 | D        | Noticed a flying skull
   333 | D        | Noticed a flying skull
   334 | D        | Noticed a flying skull
   334 | D        | Noticed a flying skull
   334 | D        | Noticed a flying skull
   335 | D        | Noticed a flying skull
   335 | D        | Noticed a flying skull
   335 | D        | Noticed a flying skull
   337 | D        | Found Dairroxo's Book Emporium.
   338 | D        | Found Wiajonoff's Food Shoppe.
   338 | D        | Noticed a flying skull
   339 | D        | Found Mafasteba's Assorted Antiques.
   339 | D        | Found Hoetieka's Distillery.
   339 | D        | Found Digeo's Antique Armour Shoppe.
   340 | D        | Found Yshaic's Distillery.
   340 | D        | Found Feumm's Book Shoppe.
   340 | D        | Found Ulanahic's Jewellery Shoppe.
   340 | D        | Found Ciam Bul's Distillery.
   342 | D        | Noticed a blink frog
   344 | D        | Killed a blink frog
   344 | D        | Reached skill level 12 in Stealth
   344 | D        | Reached skill level 5 in Spellcasting
   344 | D        | Reached XP level 7. HP: 39/39 MP: 11/16
   351 | D        | Found Imosk's Book Shoppe.
   351 | D        | Found Imel's Gadget Emporium.
   352 | D        | Found Wifao's Antique Armour Shoppe.
   352 | D        | Found Tilocisk's Antique Weapon Emporium.
   352 | D        | Noticed a polar bear
   353 | D        | Found Orghigya's Jewellery Shoppe.
   353 | D        | Found Ruwepecite's Magic Scroll Emporium.
   355 | D        | Noticed a polar bear
   355 | D        | Noticed an oklob plant
   356 | D        | Found Uxejest's Book Shoppe.
   364 | D        | Killed a merfolk siren
   364 | D        | Reached skill level 13 in Stealth
   380 | D        | Reached skill level 14 in Stealth
   400 | D        | Killed a tyrant leech
   400 | D        | Reached XP level 8. HP: 39/44 MP: 7/21
   403 | D        | Killed a tyrant leech
   403 | D        | Reached skill level 15 in Stealth
   419 | D        | Bought a book of Burglary for 900 gold pieces
   423 | D        | Learned a level 3 spell: Tukima's Dance
   424 | D        | Noticed a manticore
   436 | D        | Learned a level 6 spell: Invisibility
   437 | D        | Noticed a manticore
   438 | D        | Noticed a manticore
   439 | D        | Learned a level 2 spell: Passwall
   459 | D        | Found a blossoming altar of Fedhas.
   459 | D        | Found an opulent altar of Gozag.
   460 | D        | Found a white marble altar of Elyvilon.
   460 | D        | Found a burning altar of Makhleb.
   461 | D        | Found a shadowy altar of Dithmenos.
   461 | D        | Found a corrupted altar of Lugonu.
   462 | D        | Found a snail-covered altar of Cheibriados.
   462 | D        | Found an ancient bone altar of Kikubaaqudgha.
   462 | D        | Found a bloodstained altar of Trog.
   463 | D        | Found a roughly hewn altar of Beogh.
   463 | D        | Found a viscous altar of Jiyva.
   463 | D        | Found a deep blue altar of Sif Muna.
   464 | D        | Found a hazy altar of Hepliaklqana.
   464 | D        | Found a sacrificial altar of Ru.
   584 | D        | Found a stormy altar of Qazlal.
   584 | D        | Found an ornate altar of the Wu Jian Council.
   585 | D        | Noticed a yaktaur
   585 | D        | Noticed a hornet
   585 | D        | Noticed a polar bear
   586 | D        | Noticed a polar bear
   586 | D        | Noticed a polar bear
   587 | D        | Killed a polar bear
   587 | D        | Reached skill level 10 in Spellcasting
   587 | D        | Reached skill level 10 in Hexes
   588 | D        | Killed a polar bear
   588 | D        | Reached skill level 16 in Stealth
   590 | D        | Killed a polar bear
   591 | D        | Killed a hornet
   591 | D        | Reached XP level 9. HP: 45/47 MP: 22/25
   593 | D        | Killed a yaktaur
   593 | D        | Reached skill level 17 in Stealth
   604 | D        | Found a shimmering altar of Xom.
   606 | D        | Found a sparkling altar of Nemelex Xobeh.
   606 | D        | Found a hide-covered altar of Uskayaw.
   606 | D        | Found a basalt altar of Yredelemnul.
   606 | D        | Found a glowing golden altar of the Shining One.
   607 | D        | Found an iron altar of Okawaru.
   607 | D        | Found a radiant altar of Vehumet.
   607 | D        | Found a glowing silver altar of Zin.
   611 | D        | Became a worshipper of Dithmenos the Shadowed
   618 | D        | Noticed a death drake
   623 | D        | Noticed a death drake
   623 | D        | Noticed a crystal guardian
   653 | D        | Noticed an ice statue
   656 | D        | Noticed Kirke
   656 | D        | Noticed a kobold demonologist
   656 | D        | Noticed a skeletal warrior
   658 | D        | Noticed a centaur warrior
   659 | D        | Noticed an elephant
   660 | D        | Noticed a yaktaur captain
   662 | D        | Noticed an ice devil
   670 | D        | Killed a skeletal warrior
   670 | D        | Reached * piety under Dithmenos
   693 | D        | Killed a yaktaur captain
   757 | D        | Noticed a shining eye
   763 | D        | Killed an elephant
   763 | D        | Reached skill level 18 in Stealth
   769 | D        | Gained mutation: You are surrounded by a mild repulsion
                  | field. (EV +2) [a shining eye]
   784 | D        | Killed Kirke
   784 | D        | Reached skill level 19 in Stealth
   784 | D        | Reached XP level 10. HP: 17/51 MP: 17/28
   787 | D        | Noticed a shining eye
   788 | D        | Reached ** piety under Dithmenos
   793 | D        | Killed a shining eye
   793 | D        | Gained mutation: Your muscles are strong. (Str +2) [a
                  | shining eye]
   805 | D        | Killed a centaur warrior
   805 | D        | Gained mutation: You occasionally shout uncontrollably at
                  | your foes. [a shining eye]
   806 | D        | Killed a shining eye
   806 | D        | Reached skill level 20 in Stealth
   833 | D        | Bought a potion of heal wounds for 65 gold pieces
   833 | D        | Bought a potion of curing for 39 gold pieces
   833 | D        | Bought a potion of curing for 39 gold pieces
   833 | D        | Noticed a death yak
   847 | D        | Mangled by a flying skull

Skill      XL: |  1  2  3  4  5  6  7  8  9 10 |
---------------+-------------------------------+-----
Fighting       | 3 4 5 |  5.4
Short Blades   | 6 8 10 | 10.3
Stealth        | 8 9 11 12 14 16 19 20 | 20.1
Spellcasting   | 5 8 11 13 14 | 14.5
Hexes          | 6 8 11 14 | 14.7
Dodging        | |  3.0

Action                   |  1- 3 |  4- 6 |  7- 9 | 10-12 || total
-------------------------+-------+-------+-------+-------++-------
Melee: Dagger            |     6 |    42 |    50 |    15 ||   113
 Cast: Ensorcelled Hiber |       |       |     9 |     4 ||    13
       Confuse           |       |       |     7 |     3 ||    10
       Invisibility      |       |       |     2 |       ||     2
       Dazzling Spray    |       |       |       |     2 ||     2
  Use: Potion            |     1 |     3 |       |     4 ||     8
 Stab: Sleeping          |       |     1 |    10 |     1 ||    12
       Confused          |       |       |     9 |       ||     9
       Invisible         |       |       |     3 |     2 ||     5
Armor: Robe              |       |     1 |     1 |     3 ||     5
Dodge: Dodged            |     1 |    13 |    11 |    10 ||    35
